 Dungeon Crawl Stone Soup version 0.19.4-8-ga85b6b9 (webtiles) character file.

1824 Jerry the Blocker (level 9, -7/64 HPs)
             Began as a Formicid Fighter on Feb 8, 2017.
             Was an Initiate of Kikubaaqudgha.
             Mangled by an orc warrior
             ... wielding a +0 glaive
              (17 damage)
             ... on level 6 of the Dungeon.
             The game lasted 00:16:12 (7022 turns).

Jerry the Blocker (Formicid Fighter)                Turns: 7022, Time: 00:16:14

Health: -7/64      AC: 17    Str: 21    XL:     9   Next: 32%
Magic:  9/9        EV:  7    Int:  9    God:    Kikubaaqudgha [......]
Gold:   72         SH: 11    Dex: 10    Spells: 0 memorised, 8 levels left

rFire  + . .     SeeInvis +     a - +0 war axe
rCold  . . .     Gourm    .     y - +0 chain mail
rNeg   . . .     Faith    .     z - +0 shield {AC+3}
rPois  .         Spirit   .     (helmet unavailable)
rElec  .         Reflect  .     (no cloak)
rCorr  .         Harm     .     w - +0 pair of gloves
MR     +....                    (no boots)
Stlth  ..........               (no amulet)
                                t - ring of protection from magic (curse)
                                j - ring of protection from fire

@: no status effects
A: permanent stasis, dig shafts and tunnels, four strong arms, antennae 3, icy
blue scales 1, deterioration 1, sense surroundings 1, shaggy fur 1, weak 1
a: Dig, Shaft Self, Renounce Religion


You were on level 6 of the Dungeon.
You worshipped Kikubaaqudgha.
Kikubaaqudgha was noncommittal.
You were hungry.

You visited 2 branches of the dungeon, and saw 7 of its levels.
You also visited: Sewer.

You collected 233 gold pieces.
You spent 161 gold pieces at shops.

Inventory:

Hand Weapons
 a - a +0 war axe (weapon)
Armour
 w - a +0 pair of gloves (worn)
 y - a +0 chain mail (worn)
 z - a +0 shield of protection (worn)
Jewellery
 j - a ring of protection from fire (left hand)
 t - a cursed ring of protection from magic (right hand)
Scrolls
 h - 3 scrolls of remove curse
 k - a scroll of magic mapping {unknown}
 l - 4 scrolls of identify {unknown}
 m - 2 scrolls of teleportation {unknown}
 n - a scroll of fog {unknown}
 o - a scroll of amnesia {unknown}
 q - 2 scrolls of enchant weapon {unknown}
Potions
 c - 2 potions of resistance {unknown}
 d - a potion of might
 e - a potion of degeneration {unknown}
 g - 2 potions of invisibility {unknown}
 i - 2 potions of brilliance {unknown}
 p - a potion of cancellation {unknown}
 s - a potion of cure mutation {unknown}
 u - a potion of lignification {unknown}
 v - a potion of curing
Comestibles
 f - 5 bread rations
 r - a royal jelly
 x - a slice of pizza


   Skills:
 - Level 3.4 Fighting
 + Level 7.9 Axes
 + Level 7.2 Armour
 + Level 8.3 Shields


You had 8 spell levels left.
You didn't know any spells.

Dungeon Overview and Level Annotations

Branches:
Dungeon (6/15)             Temple (1/1) D:6

Altars:
Ashenzari
Cheibriados
Dithmenos
Elyvilon
Fedhas
Gozag
Hepliaklqana
Kikubaaqudgha
Makhleb
Nemelex Xobeh
Okawaru
Qazlal
Ru
Sif Muna
Trog
Uskayaw
Vehumet
Xom
Yredelemnul
Zin
The Shining One

Shops:
D:6 *


Innate Abilities, Weirdness & Mutations

You are under a permanent stasis effect.
You can dig through walls and to a lower floor.
Your four strong arms can wield two-handed weapons with a shield.
You have a pair of large antennae on your head. (SInv)
You are partially covered in icy blue scales. (AC +2)
Your body sometimes deteriorates upon taking damage.
You passively map a small area around you.
You are covered in fur. (AC +1)
You are weak. (Str -2)


Message History

You closely miss the orc wizard. You hit the orc wizard.
You block the orc wizard's attack. x2
The orc warrior hits you but does no damage.
The orc wizard hits you but does no damage.
You block the orc wizard's attack.
You slash the orc wizard!
You kill the orc wizard!
Kikubaaqudgha accepts your kill.
You barely miss the orc warrior. You slash the orc wizard!
The orc wizard barely misses you. The orc warrior hits you with a glaive!
* * * LOW HITPOINT WARNING * * *
You block the bullfrog's attack.
You slash the orc wizard!
You kill the orc wizard!
Kikubaaqudgha accepts your kill.
You closely miss the bullfrog.
You hit the orc warrior but do no damage.
The bullfrog closely misses you. The orc warrior hits you with a glaive!
You die...
Kikubaaqudgha rasps: "You have failed me!
Welcome... death!"

######.......#...#######[.#
.)...#.......#.....#...)).#
.....#.......#.....#......#
.....#...o...#.....#......#
####'#.......#....###....######
...))(.......#....###....##...#
.............#......#.........##
...........o.#..Fo..#...[......#
.............#..@o.............#
.............#####..8.......8..#
###########..)...#.............#
#......'..8.......8.##
#......#......).....#
#......#..8..._...8.#
#......#.....###....#
#......#..........### ##
#......##'###.#####


You could see an orc warrior, a bullfrog and an orc.

Vanquished Creatures
  2 water moccasins (D:6)
  An orc warrior (D:6)
  A sky beast (D:6)
  3 centaurs
  2 ogres (D:4)
  2 bullfrogs (Sewer)
  2 howler monkeys (D:4)
  An electric eel (D:6)
  A crimson imp (D:6)
  2 hounds
  A jelly (D:5)
  2 orc priests (D:6)
  5 orc wizards
  3 worker ants
  A howler monkey zombie (D:6)
  4 gnolls (D:6)
  A river rat (D:3)
  11 adders
  12 oozes
  2 adder skeletons
  An adder zombie (D:6)
  6 worms
  3 dart slugs
  6 leopard geckos (Sewer)
  13 orcs
  14 ball pythons
  A bat skeleton (D:2)
  2 bat zombies (D:2)
  13 giant cockroaches
  6 goblins
  6 hobgoblins
  A quokka (D:6)
  5 bats
  13 frilled lizards
  3 kobolds
  A leopard gecko skeleton (D:4)
  3 quokka skeletons
  10 rats
166 creatures vanquished.

Notes
Turn   | Place    | Note
-------+----------+-------------------------------------------
     0 | D:1      | Jerry the Formicid Fighter began the quest for the Orb.
     0 | D:1      | Reached XP level 1. HP: 18/18 MP: 1/1
   196 | D:1      | Reached XP level 2. HP: 24/24 MP: 2/2
   562 | D:1      | Reached skill level 4 in Shields
   709 | D:2      | Reached XP level 3. HP: 29/29 MP: 3/3
   993 | D:2      | Reached XP level 4. HP: 13/35 MP: 4/4
  1882 | D:3      | Found a glowing drain.
  1890 | D:3      | Reached XP level 5. HP: 25/41 MP: 5/5
  2051 | Sewer    | Entered a sewer
  2447 | Sewer    | Reached XP level 6. HP: 47/47 MP: 6/6
  2449 | Sewer    | Reached skill level 5 in Shields
  2672 | Sewer    | Reached XP level 7. HP: 11/52 MP: 7/7
  3009 | D:3      | Reached skill level 5 in Axes
  3434 | D:4      | Reached skill level 5 in Armour
  3434 | D:4      | Reached skill level 6 in Shields
  3962 | D:4      | Reached XP level 8. HP: 31/58 MP: 8/8
  4295 | D:5      | Entered Level 5 of the Dungeon
  4515 | D:5      | Found a stormy altar of Qazlal.
  4515 | D:5      | Found a radiant altar of Vehumet.
  4520 | D:5      | Found a shimmering altar of Xom.
  4522 | D:5      | Found a faded altar of an unknown god.
  4523 | D:5      | Found a faded altar of an unknown god.
  4623 | D:5      | Found a burning altar of Makhleb.
  5128 | D:6      | Found a hide-covered altar of Uskayaw.
  5510 | D:6      | Reached skill level 7 in Shields
  6010 | D:6      | Reached XP level 9. HP: 64/64 MP: 9/9
  6053 | D:6      | Found Jywkorar's General Store.
  6059 | D:6      | Bought a +0 shield of protection for 161 gold pieces
  6134 | D:6      | Gained mutation: Your body sometimes deteriorates upon taking damage. [mutagenic meat]
  6135 | D:6      | Gained mutation: You are covered in fur. (AC +1) [mutagenic meat]
  6136 | D:6      | Gained mutation: You passively map a small area around you. [mutagenic meat]
  6137 | D:6      | Gained mutation: You are weak. (Str -2) [mutagenic meat]
  6138 | D:6      | Gained mutation: You are partially covered in icy blue scales. (AC +2) [mutagenic meat]
  6162 | D:6      | Found a staircase to the Ecumenical Temple.
  6171 | Temple   | Entered the Ecumenical Temple
  6333 | Temple   | Became a worshipper of Kikubaaqudgha
  6731 | D:6      | Reached skill level 8 in Shields
  7022 | D:6      | Mangled by an orc warrior

Skill      XL: |  1  2  3  4  5  6  7  8  9 |
---------------+----------------------------+-----
Shields        | 4 5 6 7 8 |  8.3
Axes           | 3 4 6 7 |  7.9
Armour         | 4 5 6 7 |  7.2
Fighting       | |  3.4

Action                   |  1- 3 |  4- 6 |  7- 9 || total
-------------------------+-------+-------+-------++-------
Melee: War axe           |   100 |   175 |   290 ||   565
  Use: Scroll            |       |       |     1 ||     1
  Eat: Chunk             |       |     6 |    19 ||    25
Armor: Scale mail        |    54 |    97 |    56 ||   207
       Chain mail        |       |       |    30 ||    30
Dodge: Dodged            |    36 |    64 |    76 ||   176
Block: Shield            |    60 |   104 |   157 ||   321
